 Dungeon Crawl Stone Soup version 0.27.1-33-g824d729ab1 (webtiles) character file.

Game seed: 9800001237218826860

3099 DearestLeader the Thaumaturge (level 9, 0/66 HPs)
             Began as a Gnoll Wanderer on Dec 13, 2021.
             Succumbed to a water moccasin's poison
             ... on level 7 of the Dungeon on Dec 16, 2021.
             The game lasted 00:19:03 (9665 turns).

DearestLeader the Thaumaturge (Gnoll Wanderer)      Turns: 9665, Time: 00:19:03

Health: 0/66       AC:  9    Str: 11    XL:     9   Next: 90%
Magic:  16/23      EV: 12    Int: 21    God:
Gold:   363        SH:  9    Dex: 10    Spells: 21/28 levels left

rFire    + . .     SeeInvis .   l - +2 dagger (venom)
rCold    . . .     Faith    .   F - +0 buckler
rNeg     . . .     Spirit   .   y - +0 acid dragon scales
rPois    .         Reflect  +   s - +0 hat
rElec    .         Harm     .   (no cloak)
rCorr    +         Rampage  .   g - +0 pair of gloves
Will     .....                  G - +0 pair of boots
Stlth    ++........             d - amulet "Tubboefe" {Reflect Int+4 SH+5}
HPRegen  0.21/turn              m - ring of wizardry
MPRegen  0.18/turn              C - ring of protection from fire

@: lethally poisoned (0 -> -9)
A: fangs 1, strong nose, distributed training
a: no special abilities


You were on level 7 of the Dungeon.
You visited 1 branch of the dungeon, and saw 7 of its levels.

You collected 363 gold pieces.

Inventory:

Hand Weapons
 a - a +0 club
 h - a +1 vorpal hunting sling
 l - a +2 dagger of venom (weapon)
 r - a +2 hand axe of flaming
Missiles
 i - 57 sling bullets
 D - a throwing net
Armour
 g - a +0 pair of gloves (worn)
 s - a +0 hat (worn)
 y - +0 acid dragon scales (worn)
 F - a +0 buckler (worn)
 G - a +0 pair of boots (worn)
Jewellery
 d - the amulet "Tubboefe" (around neck) {Reflect Int+4 SH+5}
   (You acquired it on level 5 of the Dungeon)

   [amulet of reflection]

   It reflects blocked missile attacks.
   Int:       It affects your intelligence (+4).
   SH:        It affects your SH (+5).
 m - a ring of wizardry (left hand)
 o - a ring of flight
 C - a ring of protection from fire (right hand)
Wands
 c - a wand of paralysis (15) (quivered)
 u - a wand of mindburst (17)
 z - a wand of flame (18)
 A - a wand of iceblast (7)
 B - a wand of digging (5)
 H - a wand of polymorph (10)
Scrolls
 f - 5 scrolls of identify {unknown}
 j - 4 scrolls of enchant weapon {unknown}
 k - a scroll of fog {unknown}
 p - a scroll of brand weapon
 t - 3 scrolls of teleportation
 v - a scroll of silence {unknown}
 x - a scroll of amnesia {unknown}
 E - a scroll of blinking {unknown}
Potions
 b - a potion of magic {unknown}
 e - a potion of curing
 n - a potion of brilliance {unknown}
 q - a potion of heal wounds {unknown}
 w - a potion of invisibility {unknown}


   Skills:
 + Level 4.7 Fighting
 + Level 4.7 Short Blades
 + Level 4.7 Long Blades
 + Level 4.7 Axes
 + Level 4.7 Maces & Flails
 + Level 4.7 Polearms
 + Level 4.7 Staves
 + Level 4.7 Slings
 + Level 4.7 Bows
 + Level 4.7 Crossbows
 + Level 4.7 Throwing
 + Level 4.7 Armour
 + Level 4.7 Dodging
 + Level 4.7 Stealth
 + Level 4.7 Shields
 + Level 4.7 Unarmed Combat
 + Level 10.3 Spellcasting
 + Level 3.9 Conjurations
 + Level 3.9 Hexes
 + Level 6.8 Summonings
 + Level 3.9 Necromancy
 + Level 3.9 Translocations
 + Level 3.9 Transmutations
 + Level 4.4 Fire Magic
 + Level 3.9 Ice Magic
 + Level 3.9 Air Magic
 + Level 3.9 Earth Magic
 + Level 3.9 Poison Magic
 + Level 5.1 Invocations
 + Level 6.6 Evocations


You had 21 spell levels left.
You knew the following spells:

 Your Spells              Type           Power      Damage    Failure   Level
a - Sting                 Tmut/Pois      100%       1d8       1%          1
b - Ignite Poison         Fire/Tmut/Pois 28%        N/A       1%          3
c - Summon Guardian Gole  Hex/Summ       33%        N/A       1%          3

Your spell library contained the following spells:

 Spells                   Type           Power      Damage    Failure   Level
 Summon Small Mammal      Summ           100%       N/A       1%          1
 Call Canine Familiar     Summ           39%        N/A       1%          3
 Spellforged Servitor     Conj/Summ      16%        N/A       96%         7
 Orb of Destruction       Conj           13%        9d6       99%         7


Dungeon Overview and Level Annotations

Branches:
Dungeon (7/15)
 Temple: D:4-7

Altars:
Qazlal

Shops:
D:2 ?:*!


Innate Abilities, Weirdness & Mutations

You have very sharp teeth.
Your uncanny sense of smell can sniff out nearby items.
Your experience applies equally to all skills.


Message History

Aiming: Sting (safe; 1% risk of failure)
Press: ? - help, Shift-Dir - straight line, f/p - water moccasin
Aim: a water moccasin (almost dead, 63% to hit)
The sting misses the water moccasin.
You feel sick.
You block the water moccasin's attack. x2
Unknown command.
You barely miss the water moccasin.
The water moccasin is almost dead.
You feel sick. The water moccasin closely misses you.
You closely miss the water moccasin.
You bite the water moccasin, but do no damage.
The water moccasin is almost dead.
You feel sick. The water moccasin closely misses you.
You miss the water moccasin.
The water moccasin is almost dead.
The water moccasin bites you.
* * * LOW HITPOINT WARNING * * *
You are lethally poisoned!
The water moccasin poisons you!
Unknown command.
You feel better.
The water moccasin bites you but does no damage. x2
You closely miss the water moccasin.
The water moccasin is almost dead.
The water moccasin barely misses you.
You hit the water moccasin but do no damage.
The water moccasin is poisoned.
The water moccasin is almost dead.
The water moccasin bites you!
* * * LOW HITPOINT WARNING * * *
You are lethally poisoned!
The water moccasin poisons you!
* * * LOW HITPOINT WARNING * * *
You feel very sick.
Casting: Sting (safe; 1% risk of failure)
Confirm with . or Enter, or press ? or * to list all spells.
You ignite the poison in your surroundings!
The water moccasin seems to burn from within!!
You kill the water moccasin!
You die...

.##.#### #.......# .##.#
#.##.##.# #.#.# ....# #
#.##.# #...#
.#########.##....#
#...#### .#
#.......#####.# #.......
.# #.#####.#####.#
#######...##.. .# #)#
#.......###............)
## #.#
#..####.))))........†...
# #.#
#..#...@###.............
# #.#####..#....#
#######...##.#
####...†.........#
#.......
......)#.##.##.#.#
#...##..
≈.≈≈≈≈.#.##......#
#...####
≈.≈≈≈≈.#.#####.### #...#
≈.≈≈≈≈......##.# #...#
≈.≈≈≈≈.#.#.....# .....
.[≈≈≈≈..###<##.# .##.#.#


There were no monsters in sight!

Vanquished Creatures
  A troll (D:5)
  An acid dragon (D:5)
  3 water moccasins
  Duvessa (D:7)
  A sky beast (D:7)
  3 orc warriors
  2 black bears
  An ogre (D:6)
  2 centaurs
  Blork the orc (D:4)
  3 scorpions
  2 bullfrogs (D:7)
  Dowan (D:7)
  2 water moccasin zombies (D:5)
  A wyvern skeleton (D:7)
  A wight (D:7)
  An electric eel (D:7)
  A bullfrog zombie (D:4)
  A centaur zombie (D:7)
  3 hounds
  A jelly (D:6)
  2 gnoll shamans
  A bullfrog skeleton (D:7)
  2 iguanas (D:5)
  Jessica (D:2)
  Natasha (thrice) (D:2)
  4 orc wizards
  A killer bee zombie (D:7)
  14 gnolls
  9 adders
  An ufetubus (D:6)
  An adder skeleton (D:5)
  A worm (D:2)
  2 dart slugs
  17 orcs
  8 ball pythons
  7 bats
  8 endoplasms
  2 giant cockroaches (D:1)
  2 goblins (D:2)
  5 hobgoblins
  4 jackals (D:4)
  6 kobolds
  3 quokkas
  5 frilled lizards
  5 rats
147 creatures vanquished.

Vanquished Creatures (others)
  An ice beast (D:7)
  A gnoll sergeant (D:7)
  A hound (D:7)
3 creatures vanquished.

Grand Total: 150 creatures vanquished

Notes
Turn   | Place    | Note
-------+----------+-------------------------------------------
     0 | D:1      | Reached skill level 9 in Spellcasting
     0 | D:1      | DearestLeader the Gnoll Wanderer began the quest for the
                  | Orb.
     0 | D:1      | DearestLeader set off with the following items: a +0 club,
                  | a +0 robe, a wand of paralysis (15); and the following
                  | spells available to memorise: Sting, Ignite Poison
     0 | D:1      | Reached XP level 1. HP: 13/13 MP: 10/10
     2 | D:1      | Learned a level 1 spell: Sting
   214 | D:1      | Reached XP level 2. HP: 19/19 MP: 8/12
   362 | D:1      | Found a faded altar of an unknown god.
   891 | D:1      | Reached XP level 3. HP: 23/25 MP: 13/13
  1279 | D:2      | Found Deimoimo's Magic Scroll Shop.
  1291 | D:2      | Reached skill level 1 in Invocations
  1713 | D:2      | Reached skill level 1 in Fighting
  1713 | D:2      | Reached skill level 1 in Short Blades
  1713 | D:2      | Reached skill level 1 in Long Blades
  1713 | D:2      | Reached skill level 1 in Axes
  1713 | D:2      | Reached skill level 1 in Maces & Flails
  1713 | D:2      | Reached skill level 1 in Polearms
  1713 | D:2      | Reached skill level 1 in Staves
  1713 | D:2      | Reached skill level 1 in Slings
  1713 | D:2      | Reached skill level 1 in Bows
  1713 | D:2      | Reached skill level 1 in Crossbows
  1713 | D:2      | Reached skill level 1 in Throwing
  1713 | D:2      | Reached skill level 1 in Armour
  1713 | D:2      | Reached skill level 1 in Dodging
  1713 | D:2      | Reached skill level 1 in Stealth
  1713 | D:2      | Reached skill level 1 in Shields
  1713 | D:2      | Reached skill level 1 in Unarmed Combat
  1717 | D:2      | Learned a level 3 spell: Ignite Poison
  1719 | D:2      | Noticed Jessica
  1724 | D:2      | Killed Jessica
  1725 | D:2      | Reached XP level 4. HP: 32/32 MP: 12/15
  1867 | D:2      | Noticed Natasha
  1873 | D:2      | Killed Natasha
  1874 | D:2      | Reached skill level 1 in Conjurations
  1874 | D:2      | Reached skill level 1 in Hexes
  1874 | D:2      | Reached skill level 1 in Necromancy
  1874 | D:2      | Reached skill level 1 in Translocations
  1874 | D:2      | Reached skill level 1 in Transmutations
  1874 | D:2      | Reached skill level 1 in Ice Magic
  1874 | D:2      | Reached skill level 1 in Air Magic
  1874 | D:2      | Reached skill level 1 in Earth Magic
  1874 | D:2      | Reached skill level 1 in Poison Magic
  2026 | D:2      | Found Kyerat's General Store.
  2071 | D:2      | Found Lulu's Book Shoppe.
  2102 | D:2      | Noticed Natasha
  2113 | D:2      | Killed Natasha
  2114 | D:2      | Reached XP level 5. HP: 18/37 MP: 8/16
  2336 | D:2      | Found Kexoij's Distillery.
  2383 | D:2      | Noticed Natasha
  2389 | D:2      | Killed Natasha
  3622 | D:3      | Reached XP level 6. HP: 43/44 MP: 15/18
  3715 | D:3      | You are sucked into a shaft and drop 1 floor!
  3977 | D:4      | Reached skill level 5 in Evocations
  4124 | D:4      | Learned a level 3 spell: Summon Guardian Golem
  4401 | D:4      | Noticed Blork the orc
  4412 | D:4      | Killed Blork the orc
  4867 | D:4      | Reached XP level 7. HP: 8/50 MP: 17/20
  6033 | D:5      | Entered Level 5 of the Dungeon
  6262 | D:5      | Reached XP level 8. HP: 15/58 MP: 16/21
  6532 | D:5      | Identified a scroll of acquirement
  6532 | D:5      | Acquired the amulet "Tubboefe" {Reflect Int+4 SH+5}
  7367 | D:5      | Found a stormy altar of Qazlal.
  7535 | D:6      | Noticed a troll
  7547 | D:5      | Killed a troll
  7604 | D:6      | Reached skill level 10 in Spellcasting
  7887 | D:6      | Reached XP level 9. HP: 64/65 MP: 16/23
  9444 | D:7      | Reached skill level 5 in Invocations
  9611 | D:7      | Noticed Duvessa
  9614 | D:7      | Noticed Dowan
  9626 | D:7      | Killed Duvessa
  9635 | D:7      | Killed Dowan
  9664 | D:7      | HP: 3/66 [poisoned by a water moccasin]
  9665 | D:7      | Succumbed to a water moccasin's poison

Illustrated notes

Levels and vault maps discovered:
D:1:      mrwooster_arrival_statue, layout_basic,
          chequers_ecumenical_altar_island
D:2:      layout_basic, serial_shops, nicolae_shop_crystal, shop, shop,
          nicolae_shop_waterfront, minmay_tree_intersection, minivault_11,
          uniq_jessica, uniq_natasha
D:3:      layout_rooms, minmay_misc_feat_square
D:4:      layout_gridville, uniq_blork_the_orc
D:5:      layout_basic, lemuel_doored_altar
D:6:      layout_basic
D:7:      layout_loops_cross, temple_hall, minivault_14, minmay_alternating_orb,
          uniq_duvessa, uniq_harold

Skill      XL: |  1  2  3  4  5  6  7  8  9 |
---------------+----------------------------+-----
Spellcasting   | 10 | 10.3
Fire Magic     | 2 3 4 |  4.4
Invocations    | 1 2 3 4 5 |  5.1
Fighting       | 1 2 3 4 |  4.7
Short Blades   | 1 2 3 4 |  4.7
Long Blades    | 1 2 3 4 |  4.7
Axes           | 1 2 3 4 |  4.7
Maces & Flails | 1 2 3 4 |  4.7
Polearms       | 1 2 3 4 |  4.7
Staves         | 1 2 3 4 |  4.7
Slings         | 1 2 3 4 |  4.7
Bows           | 1 2 3 4 |  4.7
Crossbows      | 1 2 3 4 |  4.7
Throwing       | 1 2 3 4 |  4.7
Armour         | 1 2 3 4 |  4.7
Dodging        | 1 2 3 4 |  4.7
Stealth        | 1 2 3 4 |  4.7
Shields        | 1 2 3 4 |  4.7
Unarmed Combat | 1 2 3 4 |  4.7
Conjurations   | 1 2 3 |  3.9
Hexes          | 1 2 3 |  3.9
Necromancy     | 1 2 3 |  3.9
Translocations | 1 2 3 |  3.9
Transmutations | 1 2 3 |  3.9
Ice Magic      | 1 2 3 |  3.9
Air Magic      | 1 2 3 |  3.9
Earth Magic    | 1 2 3 |  3.9
Poison Magic   | 1 2 3 |  3.9
Evocations     | 5 6 |  6.6
Summonings     | 6 |  6.8

Action                   |  1- 3 |  4- 6 |  7- 9 || total
-------------------------+-------+-------+-------++-------
Melee: Club              |    13 |       |       ||    13
       Bite              |     3 |    12 |    36 ||    51
       Dagger            |    36 |   159 |   342 ||   537
       Punch             |       |     1 |     3 ||     4
 Fire: Hunting sling     |     3 |       |       ||     3
 Cast: Sting             |    41 |    20 |    39 ||   100
       Ignite Poison     |       |     7 |    27 ||    34
       Summon Guardian G |       |     1 |     7 ||     8
Evoke: Wand              |       |       |     2 ||     2
  Use: Scroll            |     1 |       |     2 ||     3
       Potion            |       |       |     1 ||     1
 Stab: Sleeping          |       |       |     2 ||     2
Armor: Leather armour    |    16 |    40 |    19 ||    75
       Acid dragon scale |       |       |    89 ||    89
Dodge: Dodged            |    54 |    99 |   160 ||   313
Block: Other             |       |       |    29 ||    29
       Buckler           |       |       |    77 ||    77
       Reflection        |       |       |     4 ||     4
